 Dungeon Crawl Stone Soup version 0.31-a0-968-g24f9ace8b5 (webtiles) character file.

Game seed: 11065463798911570569

970 CowFu the Ruffian (level 7, -5/57 HPs)
             Began as a White Draconian Shapeshifter on Oct 27, 2023.
             Was a Follower of Dithmenos.
             Slain by a manticore (15 damage)
             ... on level 6 of the Dungeon.
             The game lasted 00:09:51 (4735 turns).

CowFu the Ruffian (White Draconian Shapeshifter)    Turns: 4735, Time: 00:09:51

Health: -5/57      AC:  6    Str: 18    XL:     7   Next: 94%
Magic:  16/16      EV: 13    Int: 10    God:    Dithmenos [*.....]
Gold:   297        SH:  0    Dex: 11    Spells: 3/6 levels left

rFire   + . .        s - +8 quarterstaff of Uskayaw's Reproof {flame, rF+ rN+ rCorr}
rCold   + . .        (shield currently unavailable)
rNeg    + . .        (body armour unavailable)
rPois   .            (helmet currently unavailable)
rElec   .            (cloak currently unavailable)
rCorr   +            (gloves currently unavailable)
SInv    .            (boots currently unavailable)
Will    .....        r - amulet of the acrobat
Stlth   +            p - ring of magical power
HPRegen 0.29/turn    (no ring)
MPRegen 0.15/turn

%: acrobat
@: short of breath, beast-form, wreathed by umbra
A: beast (slay +3), breathe frost, AC +6, unfitting armour, cold resistance 1,
cold-blooded
a: Breathe Frost, Begin Untransformation, Renounce Religion


You were on level 6 of the Dungeon.
You worshipped Dithmenos.
Dithmenos was aware of your devotion.
You were a hulking beast.
You visited 2 branches of the dungeon, and saw 7 of its levels.
You also visited: Sewer.

You collected 297 gold pieces.

Inventory:

Hand Weapons
 a - a +3 long sword
 s - the +8 quarterstaff of Uskayaw's Reproof (weapon) {flame, rF+ rN+ rCorr}
   (You found it on level 5 of the Dungeon)

   rF+:       It protects you from fire.
   rN+:       It protects you from negative energy.
   rCorr:     It protects you from acid and corrosion.
Missiles
 v - 2 throwing nets
Armour
 d - a +0 cloak of willpower
Jewellery
 p - a ring of magical power (left hand)
 r - an amulet of the acrobat (around neck)
Talismans
 b - a beast talisman
 c - a flux talisman
 t - a dragon-blood talisman
Wands
 C - a wand of flame (26)
Scrolls
 e - a scroll of enchant weapon {unknown}
 f - 2 scrolls of fear {unknown}
 g - a scroll of vulnerability {unknown}
 h - 3 scrolls of revelation {unknown}
 j - 3 scrolls of teleportation {unknown}
 k - a scroll of acquirement {unknown}
 l - a scroll of enchant armour {unknown}
 m - a scroll of fog {unknown}
 n - 3 scrolls of identify {unknown}
 q - 3 scrolls of immolation {unknown}
 w - 2 scrolls of blinking {unknown}
 y - a scroll of amnesia {unknown}
 B - a scroll of poison {unknown}
Potions
 i - a potion of attraction {unknown}
 o - 2 potions of berserk rage {unknown}
 u - a potion of heal wounds {unknown}
 x - a potion of degeneration {unknown}
 z - a potion of haste {unknown}
 A - 2 potions of enlightenment {unknown}


   Skills:
 - Level 3.0 Fighting
 + Level 4.8 Dodging
 + Level 5.7 Unarmed Combat
 - Level 1.6 Ice Magic
 + Level 5.3 Shapeshifting


You had 3 spell levels left.
You knew the following spells:

 Your Spells              Type           Power      Damage    Failure   Level
a - Frozen Ramparts       Ice            6%         1d1       52%         3

Your spell library contained the following spells:

 Spells                   Type           Power      Damage    Failure   Level
 Freeze                   Ice            12%        1d3       21%         1
 Magic Dart               Conj           0%         1d3       36%         1
 Slow                     Hex            0%         N/A       36%         1
 Cigotuvi's Dreadful Rot  Necr/Pois/Air  0%         N/A       50%         2
 Searing Ray              Conj           0%         2d4       50%         2
 Wereblood                Tmut           0%         N/A       50%         2
 Hailstorm                Conj/Ice       1%         3d3       63%         3
 Confusing Touch          Hex            0%         N/A       75%         3
 Ignite Poison            Fire/Tmut/Pois 0%         N/A       75%         3
 Sigil of Binding         Hex            0%         N/A       75%         3
 Vampiric Draining        Necr           0%         2d6       75%         3
 Fulminant Prism          Conj/Hex       0%         3d5       98%         4
 Freezing Cloud           Conj/Ice/Air   0%         6-21      100%        5
 Irradiate                Conj/Tmut      0%         3d11      100%        5
 Simulacrum               Ice/Necr       0%         N/A       100%        6
 Ozocubu's Refrigeration  Ice            1%         4d7       100%        7
 Polar Vortex             Ice            1%         N/A       100%        9


Dungeon Overview and Level Annotations

Branches:
Dungeon (6/15)             Temple (1/1) D:4           Sewer (visited)

Altars:
Ashenzari
Dithmenos
Elyvilon
Fedhas
Nemelex Xobeh
Okawaru
Qazlal
Ru
Uskayaw
Wu Jian
Xom
Yredelemnul
Zin
The Shining One

Shops:
D:3 (   D:4 *


Innate Abilities, Weirdness & Mutations

You are a hulking beast.
Your limbs bulge with bestial killing power. (Slay +3)
You can breathe waves of freezing cold which knock back foes.
Your icy white scales are hard. (AC +6)
You cannot fit into any form of body armour.
Your flesh is cold resistant. (rC+)
You are cold-blooded and may be slowed by cold attacks.


Message History

The manticore flicks its tail.
The volley of spikes misses you.
The manticore flicks its tail.
The volley of spikes hits you but does no damage.
The manticore misses you. The manticore closely misses you.
The manticore misses you.
You barely miss the manticore. You tail-slap the manticore.
The manticore is lightly wounded.
The manticore barely misses you.
The manticore claws you but does no damage.
The manticore claws you! The manticore bites you!
The manticore barely misses you. The manticore claws you!
You bludgeon the manticore!! You burn the manticore.
The manticore is heavily wounded.
The manticore bites you!
* * * LOW HITPOINT WARNING * * *
The manticore closely misses you. x2
You are too injured to fight recklessly!
You are too injured to fight recklessly!
Aiming: Breathe Frost (5% risk of failure)
Press: ? - help, Shift-Dir - straight line, f - manticore
Aim: a manticore (heavily wounded, umbra, 81% to hit)
You exhale a wave of freezing cold.
The freezing breath hits the manticore!
The manticore is severely wounded.
The manticore is knocked back by the freezing wind.
The freezing breath hits the manticore.
The manticore is severely wounded.
The manticore is knocked back by the freezing wind.
Okay, then.
Okay, then.
Okay, then.
You closely miss the manticore.
The manticore is severely wounded.
The manticore barely misses you. The manticore misses you.
The manticore claws you.
* * * LOW HITPOINT WARNING * * *
You closely miss the manticore.
The manticore is severely wounded.
The manticore bites you!
You die...

.≈
#........######.#
.≈
#..............#
..
#.#.###.########
### #.##.#.## ..#
#.###.## +.# #.#
### #.# #.# #h#
#H# #.# #.# ...
... ... ##.##


You could see a manticore.

Vanquished Creatures
  A centaur (D:5)
  A phantom (D:5)
  3 bullfrogs
  2 scorpions (D:5)
  An orc priest (D:6)
  2 sleepcaps
  An iguana (D:4)
  3 orc wizards
  14 adders
  3 gnolls (D:4)
  A shadow imp (D:5)
  2 worms
  2 dart slugs
  8 orcs
  19 ball pythons
  9 endoplasms
  16 giant cockroaches
  8 goblins
  9 hobgoblins
  13 jackals
  9 quokkas
  3 bats
  7 frilled lizards
  8 kobolds
  6 rats
151 creatures vanquished.

Notes
Turn   | Place    | Note
-------+----------+-------------------------------------------
     0 | D:1      | CowFu the Draconian Shapeshifter began the quest for the
                  | Orb.
     0 | D:1      | Reached XP level 1. HP: 16/16 MP: 1/1
   110 | D:1      | Reached XP level 2. HP: 7/23 MP: 2/2
   710 | D:1      | Reached XP level 3. HP: 29/29 MP: 3/3
  1218 | D:2      | You fall into a shaft and drop 1 floor!
  1374 | D:3      | Found a basalt altar of Yredelemnul.
  1374 | D:3      | Found a sparkling altar of Nemelex Xobeh.
  1376 | D:3      | Found a stormy altar of Qazlal.
  1411 | D:3      | Found Ygeankorph's Weapon Boutique.
  1420 | D:3      | Reached XP level 4. HP: 36/36 MP: 4/4
  1432 | D:3      | Found a glowing drain.
  1461 | Sewer    | Entered a sewer
  1740 | Sewer    | Reached XP level 5. HP: 42/42 MP: 5/5
  1859 | Sewer    | Reached XP level 6. HP: 19/51 MP: 6/6
  2774 | D:4      | Found a staircase to the Ecumenical Temple.
  2786 | Temple   | Entered the Ecumenical Temple
  2798 | Temple   | Became a worshipper of Dithmenos the Shadowed
  2894 | D:5      | Entered Level 5 of the Dungeon
  3010 | D:5      | Your scales start taking on an icy white colour.
  3010 | D:5      | Reached XP level 7. HP: 57/57 MP: 7/7
  3010 | D:5      | Gained mutation: Your flesh is cold resistant. (rC+) [White
                  | Draconian growth]
  3014 | D:5      | Learned a level 3 spell: Frozen Ramparts
  3110 | D:5      | Reached skill level 5 in Unarmed Combat
  3110 | D:5      | Reached skill level 1 in Ice Magic
  3132 | D:5      | Found an ornate altar of the Wu Jian Council.
  3341 | D:5      | Identified the +8 quarterstaff of Uskayaw's Reproof {flame,
                  | rF+ rN+ rCorr}
  3486 | D:4      | Found Xauc's General Store.
  3495 | D:4      | Reached skill level 5 in Shapeshifting
  3509 | D:4      | Found a glowing golden altar of the Shining One.
  4036 | D:2      | Reached * piety under Dithmenos
  4037 | D:2      | Found a faded altar of an unknown god.
  4442 | D:6      | Identified the "Bafereoq"
  4724 | D:6      | Noticed a manticore
  4735 | D:6      | Slain by a manticore

Illustrated notes

Levels and vault maps discovered:
D:1:      lemuel_arrival_muddy, layout_basic
D:2:      layout_rooms, hellmonk_ecumenical_altar_dog_temple,
          hangedman_feature_mirror
D:3:      layout_loops_ring, gammafunk_temple_overflow_forgotten, serial_shops,
          shop_fountains, portal_sewer_entry_f
D:4:      layout_basic, tso_altar, minmay_temple_entry_butterflies,
          serial_shops, shop, grunt_ministairs_14
D:5:      layout_cave_pools, nzn_wu_jian_contemplation
D:6:      layout_loops_corners, mainiacjoe_overflow_surrounded_room,
          minivault_11, kennysheep_boxes
Temple:   hellmonk_temple_rainy

Skill      XL: |  1  2  3  4  5  6  7 |
---------------+----------------------+-----
Dodging        | 2 3 4 |  4.8
Fighting       | 2 3 |  3.0
Unarmed Combat | 4 5 |  5.7
Shapeshifting  | 4 5 |  5.3
Ice Magic      | 1 |  1.6

Action                     |  1- 3 |  4- 6 |  7- 9 || total
---------------------------+-------+-------+-------++-------
  Melee: Unarmed           |    98 |       |       ||    98
         Tailslap          |    12 |    11 |     6 ||    29
         Punch             |     2 |     2 |     2 ||     6
         Long sword        |     7 |   176 |    19 ||   202
         Quarterstaff      |       |       |    71 ||    71
Ability: Breathe Frost     |       |       |     7 ||     7
    Use: Potion            |       |     2 |       ||     2
 Armour: Skin              |    54 |   196 |    52 ||   302
  Dodge: Dodged            |    66 |   172 |    75 ||   313

Table legend: (Time is in decaauts)
 A = Elapsed time spent in this place.
 B = Non-inter-level travel time spent in this place.
 C = Inter-level travel time spent in this place.
 D = Time resting spent in this place.
 E = Time spent auto-exploring this place.
 F = Levels seen in this place.
 G = Mean time per level.
                   A        B        C        D        E       F      G
               +--------+--------+--------+--------+--------+-----+--------+
         Total |   4904 |   4710 |    194 |      0 |   3301 |   8 |  613.0 |
       Dungeon |   4252 |   4063 |    189 |      0 |   3085 |   6 |  708.7 |
        Temple |     18 |     13 |      5 |      0 |      0 |   1 |   18.0 |
         Sewer |    633 |    633 |      0 |      0 |    215 |   1 |  633.0 |
               +--------+--------+--------+--------+--------+-----+--------+

Top non-repeatable levels by time:
     D:1: 1124 daAuts
     D:3: 886 daAuts
     D:4: 782 daAuts
   Sewer: 633 daAuts
     D:5: 601 daAuts
     D:2: 560 daAuts
     D:6: 297 daAuts
  Temple: 18 daAuts
